 Dungeon Crawl Stone Soup version 0.22-a0-580-gd5db89c09a (webtiles) character file.

188 RedPan the Magician (level 5, -7/35 HPs)
             Began as a Mummy Fire Elementalist on July 2, 2018.
             Mangled by a centaur (8 damage)
             ... on level 2 of the Dungeon.
             The game lasted 00:04:31 (2940 turns).

RedPan the Magician (Mummy Fire Elementalist)       Turns: 2940, Time: 00:04:32

Health: -7/35      AC:  2    Str: 11    XL:     5   Next: 39%
Magic:  4/11       EV: 12    Int: 15    God:
Gold:   104        SH:  0    Dex: 13    Spells: 10/13 levels left

rFire    x . .     SeeInvis .   f - +4 short sword
rCold    + . .     Gourm    .   (no shield)
rNeg     + + +     Faith    .   a - +0 robe
rPois    ∞         Spirit   .   (no helmet)
rElec    .         Reflect  .   (no cloak)
rCorr    .         Harm     .   (no gloves)
MR       .....                  (no boots)
Stlth    ++........             g - amulet of the acrobat
HPRegen  0.11/turn              (no ring)
MPRegen  0.12/turn              (no ring)

@: very slightly contaminated
A: no food or potions, fire vulnerability, cold resistance 1, negative energy
resistance 3, torment resistance, unbreathing
a: no special abilities


You were on level 2 of the Dungeon.
You were not hungry.

You visited 1 branch of the dungeon, and saw 2 of its levels.

You collected 104 gold pieces.

Inventory:

Hand Weapons
 f - a +4 short sword (weapon)
Armour
 a - a +0 robe (worn)
Jewellery
 g - an amulet of the acrobat (around neck)
Scrolls
 b - a scroll of identify {unknown}
 d - 2 scrolls of fear


   Skills:
 - Level 1.5 Dodging
 - Level 1.5 Stealth
 + Level 4.5 Spellcasting
 + Level 2.5 Conjurations
 + Level 3.5 Fire Magic


You had 10 spell levels left.
You knew the following spells:

 Your Spells              Type           Power        Failure   Level  Hunger
a - Flame Tongue          Conj/Fire      ##...        4%          1    N/A
b - Throw Flame           Conj/Fire      ##....       8%          2    N/A

Your spell library contained the following spells:

 Spells                   Type           Power        Failure   Level  Hunger
 Fireball                 Conj/Fire      ##........   80%         5    N/A
 Conjure Flame            Conj/Fire      ##......     14%         3    N/A
 Sticky Flame             Conj/Fire      ##......     43%         4    N/A
 Inner Flame              Hex/Fire       #.......     26%         3    N/A

Dungeon Overview and Level Annotations

Branches:
Dungeon (2/15)

Altars:
Makhleb
Xom


Innate Abilities, Weirdness & Mutations

You do not eat or drink.
Your flesh is vulnerable to fire.
You are immune to poison.
Your flesh is cold resistant. (rC+)
You are immune to negative energy. (rN+++)
You are immune to unholy pain and torment.
You can survive without breathing.


Message History

Casting: Flame Tongue (safe; 4% risk of failure)
Confirm with . or Enter, or press ? or * to list all spells.
Aiming: Flame Tongue (safe; 4% risk of failure)
Press: ? - help, Shift-Dir - straight line, f/p - centaur
Aim: a centaur (severely wounded)
The flame tongue hits the centaur.
The centaur is severely wounded.
The centaur hits you.
* * * LOW HITPOINT WARNING * * *
The centaur barely misses you.
You can't drink.
Casting: Flame Tongue (safe; 4% risk of failure)
Confirm with . or Enter, or press ? or * to list all spells.
Aiming: Flame Tongue (safe; 4% risk of failure)
Press: ? - help, Shift-Dir - straight line, f/p - centaur
Aim: a centaur (severely wounded)
You miscast Flame Tongue.
You are very lightly contaminated with residual magic.
You feel a strange surge of energy! The centaur hits you!
You die...

#############'###<.....
#......................
#......................
#..........)...........
#......................
#...)..................
#......................
############...........
#.@c......#########
#(######### # #.# # #.#
## #.##### #8 #.#...#
## #.#...# # #.#...# #
#.#...######


You could see a centaur.

Vanquished Creatures
  Natasha (thrice) (D:2)
  A worker ant (D:2)
  2 adders (D:2)
  A worm (D:2)
  4 leopard geckos
  A ball python (D:2)
  9 bats
  5 giant cockroaches
  10 goblins
  4 hobgoblins
  3 jackals (D:2)
  12 kobolds
  4 frilled lizards
  5 rats
64 creatures vanquished.

Notes
Turn   | Place    | Note
-------+----------+-------------------------------------------
     0 | D:1      | RedPan the Mummy Fire Elementalist began the quest for the Orb.
     0 | D:1      | Reached XP level 1. HP: 13/13 MP: 4/4
    87 | D:1      | Reached skill level 1 in Conjurations
   315 | D:1      | Reached skill level 3 in Spellcasting
   317 | D:1      | Reached XP level 2. HP: 14/19 MP: 3/6
   734 | D:1      | Learned a level 2 spell: Throw Flame
   996 | D:1      | Reached XP level 3. HP: 24/24 MP: 4/7
  1705 | D:2      | Noticed Natasha
  1901 | D:2      | Killed Natasha
  1901 | D:2      | Reached XP level 4. HP: 19/30 MP: 5/9
  2043 | D:2      | Reached skill level 4 in Spellcasting
  2189 | D:2      | Noticed Natasha
  2206 | D:2      | Killed Natasha
  2329 | D:2      | Found a burning altar of Makhleb.
  2329 | D:2      | Found a shimmering altar of Xom.
  2363 | D:2      | Reached XP level 5. HP: 35/35 MP: 6/11
  2372 | D:2      | Noticed Natasha
  2382 | D:2      | Killed Natasha
  2932 | D:2      | Noticed a centaur
  2939 | D:2      | HP: 1/35 [centaur (1)]
  2940 | D:2      | Mangled by a centaur

Vault maps used:
D:1:      mrwooster_arrival_arrow, minivault_11, st_stairs_11
D:2:      gammafunk_temple_overflow_statue, st_stairs_1, uniq_natasha

Skill      XL: |  1  2  3  4 |
---------------+-------------+-----
Conjurations   | 1 2 |  2.5
Spellcasting   | 3 4 |  4.5
Fire Magic     | 3 |  3.5
Dodging        | |  1.5
Stealth        | |  1.5

Action                   |  1- 3 |  4- 6 || total
-------------------------+-------+-------++-------
Melee: Whip              |    42 |       ||    42
       Short sword       |     7 |    14 ||    21
 Cast: Flame Tongue      |    58 |    43 ||   101
  Use: Scroll            |     4 |     1 ||     5
Armor: Robe              |    24 |    11 ||    35
Dodge: Dodged            |    76 |    47 ||   123

Table legend:
 A = Spawn XP
 B = Non-spawn XP
 C = Spawn XP percentage of total XP
 D = Spawn monster count
 E = Non-spawn monster count
 F = Spawn count percentage of total count
 G = Total turns spent on level
                    A         B        C        D         E        F      G
               +---------+---------+-------+---------+---------+-------+---------
         Total |       0 |     269 |   0.0 |       0 |      64 |   0.0 |  2940
               +---------+---------+-------+---------+---------+-------+---------
           D:1 |       0 |      60 |   0.0 |       0 |      36 |   0.0 |  1580
           D:2 |       0 |     209 |   0.0 |       0 |      28 |   0.0 |  1360
               +---------+---------+-------+---------+---------+-------+---------
